 Dungeon Crawl Stone Soup version 0.17.2-1-ge4368a0 (console) character file.

82 Goblin1989 the Ruffian (level 4, 0/44 HPs)
             Began as a Troll Fighter on Sept 27, 2019.
             Slain by a gnoll
             ... wielding a +0 halberd of chopping
              (4 damage)
             ... on level 2 of the Dungeon.
             The game lasted 00:02:02 (866 turns).

Goblin1989 the Ruffian (Troll Fighter)               Turns: 866, Time: 00:02:02

Health: 0/44       AC:  5    Str: 24    XL:     4   Next: 21%
Magic:  3/3        EV:  8    Int:  4    God:
Gold:   117        SH:  9    Dex: 10    Spells: 0 memorised, 3 levels left

rFire  . . .     SeeInvis .       - Unarmed
rCold  . . .     Clarity  .     a - +0 robe
rNeg   . . .     SustAt   .     b - +0 shield
rPois  +         Gourm    +     (helmet restricted)
rElec  .         Spirit   .     (no cloak)
rCorr  .         Warding  .     (gloves unavailable)
rMut   .         Stasis   .     (boots unavailable)
MR     .....                    (no amulet)
Stlth  +.........               (no ring)
                                o - ring of poison resistance

@: not resistant to hostile enchantments, very unstealthy
A: unfitting armour, claws 3, fast metabolism 3, gourmand, regeneration 2,
shaggy fur 1, tough skin 2
a: no special abilities


You were on level 2 of the Dungeon.
You were full.

You visited 1 branch of the dungeon, and saw 2 of its levels.

You collected 117 gold pieces.

Inventory:

Armour
 a - a +0 robe (worn)
 b - a +0 shield (worn)
Jewellery
 o - a ring of poison resistance (left claw)
Scrolls
 d - 2 scrolls of remove curse {unknown}
 f - a scroll of fog {unknown}
 i - a scroll of identify {unknown}
 m - a scroll of teleportation {unknown}
Potions
 c - a potion of might
 g - a potion of ambrosia {unknown}
 h - a potion of heal wounds {unknown}
 j - a potion of degeneration {unknown}
 l - a potion of mutation {unknown}
 q - 2 potions of haste {unknown}
Comestibles
 e - 2 bread rations {@e1}
 k - a royal jelly
 n - a beef jerky
 p - a slice of pizza


   Skills:
 + Level 2.8 Fighting
 + Level 2.8 Dodging
 + Level 2.8 Shields
 * Level 3.2 Unarmed Combat


You had 3 spell levels left.
You didn't know any spells.

Dungeon Overview and Level Annotations

Branches:
Dungeon (2/15)

Altars:


Innate Abilities, Weirdness & Mutations

You are too large for most types of armour.
You have claws for hands.
Your metabolism is lightning-fast.
You like to eat raw meat.
You heal very quickly.
You are covered in fur (AC +1).
You have very tough skin (AC +2).


Message History

No target in view!
No target in view!
No target in view!
No target in view!
No target in view!
No target in view!
No target in view!
No target in view!
No target in view!
No target in view!
No target in view!
No target in view!
No target in view!
No target in view!
No target in view!
No target in view!
No target in view!
No target in view!
No target in view!
There is a stone staircase leading up here.
Things that are here:
a halberd; a gnoll corpse You butcher the gnoll corpse.
q - 3 chunks of flesh
Things that are here:
a halberd; a gnoll skeleton Eating one of 3 chunks of flesh.
This raw flesh tastes great.
You continue eating. x2
Eating one of 2 chunks of flesh.
This raw flesh tastes great.
You continue eating. x2
Eating a chunk of flesh.
This raw flesh tastes great.
You continue eating. x2
q - 2 amethyst potions Unknown command.
Unknown command.
There is a stone staircase leading up here.
You now have 117 gold pieces (gained 10).
Key pressed, stopping explore.
Marking area around Jessica as unsafe for travelling.
Jessica the Apprentice Sorceress comes into view.
She is wielding a club.
Jessica shouts!
Jessica shouts, "You're disturbing me!
I'll have to kill you!" You block Jessica's attack.
You claw Jessica!
You kill Jessica!
You have reached level 4!
Health restored: 44; MP restored: 3 Unknown command.
Things that are here:
a club; a robe A rat comes into view.
The rat moves out of view.
You block the rat's attack.
Found a stone staircase leading down.
A rat is nearby!
You scratch the rat.
The rat is moderately wounded.
The rat bites you but does no damage.
You closely miss the rat.
The rat is moderately wounded.
The rat closely misses you.
You barely miss the rat.
The rat is moderately wounded.
The rat bites you but does no damage.
You scratch the rat.
You kill the rat!
The gnoll shouts!
You see here a rat corpse.
The gnoll hits you from afar with a halberd of chopping!
You take 12 damage, and have 32/44 hp.
O_OOPS!!
MASSIVE DAMAGE!!
The gnoll hits you with a halberd of chopping!
* * * LOW HITPOINT WARNING * * *
A goblin comes into view. It is wielding a dagger.
You are too injured to fight recklessly!
You take 15 damage, and have 17/44 hp.
O_OOPS!!
MASSIVE DAMAGE!!
You are too injured to fight recklessly!
You are too injured to fight recklessly!
You are too injured to fight recklessly!
You are too injured to fight recklessly!
You are too injured to fight recklessly!
You are too injured to fight recklessly!
You are too injured to fight recklessly!
You are too injured to fight recklessly!
You are too injured to fight recklessly!
You are too injured to fight recklessly!
You are too injured to fight recklessly!
Unknown command.
You completely miss the gnoll.
The goblin shouts!
You block the gnoll's attack.
You scratch the gnoll.
The gnoll is moderately wounded.
You barely miss the gnoll.
The gnoll is moderately wounded.
The gnoll barely misses you.
You scratch the gnoll.
The gnoll is moderately wounded.
The gnoll hits you with a halberd of chopping!
* * * LOW HITPOINT WARNING * * *
You die...

..█.█ █..██ ..█ .. █.█.█
██..████..█ █...█
█.██..... █..██
██......████ ███
...█████....█.....█...██
██..██.....██.....█....█
........██.██.........%.
███.█...██).█...g..>....
█...█████.█†..@g......
█..██ █.....██......
█..█ █████.█ ....█ █..█
█..█ ..██ █.██ ██.█ ...
█. .. ██ ..█ ..█


You could see a gnoll and a goblin.

Vanquished Creatures
  Jessica (D:2)
  2 gnolls
  An adder (D:2)
  An ooze (D:1)
  A worm (D:2)
  2 giant geckos (D:1)
  A ball python (D:1)
  2 bats (D:1)
  A giant cockroach (D:1)
  A goblin (D:2)
  A hobgoblin (D:1)
  2 kobolds (D:1)
  A giant newt (D:1)
  4 rats
21 creatures vanquished.

Notes
Turn   | Place    | Note
--------------------------------------------------------------
     0 | D:1      | Goblin1989 the Troll Fighter began the quest for the Orb.
     0 | D:1      | Reached XP level 1. HP: 22/22 MP: 0/0
   167 | D:1      | Reached XP level 2. HP: 29/29 MP: 1/1
   708 | D:1      | Reached XP level 3. HP: 17/36 MP: 2/2
   739 | D:2      | Reached skill level 3 in Unarmed Combat
   848 | D:2      | Noticed Jessica
   851 | D:2      | Killed Jessica
   851 | D:2      | Reached XP level 4. HP: 44/44 MP: 3/3
   866 | D:2      | Slain by a gnoll

Action                   |  1- 3 |  4- 6 || total
-------------------------+-------+-------++-------
Melee: Unarmed           |    52 |     8 ||    60
 Stab: Sleeping          |     1 |       ||     1
  Eat: Chunk             |    11 |       ||    11

Vault maps used:
D:1:      ncdulo_smallfort
D:2:      grunt_temple_overflow_forces_of_nature, first_bread, st_stairs_5,
          uniq_jessica
